 Dungeon Sprint DCSS version 0.29-a0-451-gfbfa42419e (webtiles) character file.

Game seed: 6871994638301344676

1288 Pelinal the Grappler (level 8, -4/92 HPs)
             Began as a Troll Berserker on May 20, 2022.
             Was a Priest of Trog.
             Slain by Sonja
             ... wielding a +2 dagger of distortion
              (13 damage)
             ... in the Dungeon (Sprint I: "Red Sonja").
             The game lasted 00:01:37 (442 turns).

Pelinal the Grappler (Troll Berserker)               Turns: 442, Time: 00:01:37

Health: -4/92      AC:  4    Str: 26    XL:     8   Next: 30%
Magic:  7/7        EV: 13    Int:  3    God:    Trog [***...]
Gold:   323        SH:  0    Dex: 11    Spells: 7/7 levels left

rFire   . . .      SeeInvis .     - Unarmed
rCold   . . .      Faith    .   (no shield)
rNeg    . . .      Spirit   .   a - +0 animal skin
rPois   .          Reflect  .   (helmet restricted)
rElec   .          Harm     .   (no cloak)
rCorr   .          Rampage  .   (gloves unavailable)
Will    ++...      NoTele   +   (boots unavailable)
Stlth   +.........              (no amulet)
HPRegen 2.05/turn               (no ring)
MPRegen 0.10/turn               (no ring)

@: lethally poisoned (-4 -> -4), strong-willed, on berserk cooldown,
regenerating, slowed, very slow
A: large, unfitting armour, claws 3, regeneration 1, shaggy fur 1, tough skin 1
a: Renounce Religion, Berserk, Trog's Hand


You were in the Dungeon.
You worshipped Trog.
Trog was most pleased with you.
You visited 1 branch You collected 405 gold pieces.
You spent 82 gold pieces at shops.

Inventory:

Armour
 a - a +0 animal skin (worn)
Wands
 h - a wand of paralysis (7)
Scrolls
 g - a scroll of blinking
Potions
 b - a potion of curing
 c - a potion of heal wounds
 d - a potion of haste
 e - 2 potions of magic
 f - a potion of berserk rage
 i - 3 potions of lignification


   Skills:
 + Level 9.3 Fighting
 + Level 9.2 Dodging
 + Level 11.5 Unarmed Combat


You had 7 spell levels left.
You didn't know any spells.
Your spell library was empty.

Dungeon Overview and Level Annotations

Branches:
Dungeon (1/1)

Altars:
Cheibriados
Dithmenos
Elyvilon
Fedhas
Gozag
Hepliaklqana
Kikubaaqudgha
Makhleb
Nemelex Xobeh
Okawaru
Qazlal
Ru
Sif Muna
Trog
Uskayaw
Vehumet
Wu Jian
Xom
Yredelemnul
Zin
The Shining One
Jiyva
Lugonu

Shops:
D *

Annotations:
D Sonja


Innate Abilities, Weirdness & Mutations

You are too large for most types of armour.
You have claws for hands.
Your natural rate of healing is unusually fast.
You are covered in fur. (AC +1)
You have tough skin. (AC +1)


Message History

The curare-tipped dart completely misses you.
You feel a strong urge to attack something.
You feel very sick.
Sonja casts a spell.
Sonja blinks!
There is an open door here.
You feel very sick.
You feel your anger nearly subside.
You feel very sick.
You are no longer berserk.
You are exhausted.
You feel as though you will be slow longer.
You feel sick.
Sonja barely misses you. x2; Sonja closely misses you.
Sonja barely misses you.
Sonja hits you with a +2 dagger of distortion.
Space warps horribly around you!! Sonja completely misses you.
You completely miss Sonja.
You feel sick.
Sonja hits you with a +2 dagger of distortion.
Space warps around you. Sonja hits you but does no damage.
Sonja hits you with a +2 dagger of distortion.
You completely miss Sonja.
You feel sick.
Sonja hits you with a +2 dagger of distortion. x3
Space warps horribly around you!
* * * LOW HITPOINT WARNING * * *
Sonja gestures wildly while chanting.
Sonja blinks!
You feel sick.
There is an open door here.
Unknown command.
You feel sick.
Sonja hits you with a +2 dagger of distortion!
* * * LOW HITPOINT WARNING * * *
Sonja hits you with a +2 dagger of distortion.
* * * LOW HITPOINT WARNING * * *
Space warps around you.
* * * LOW HITPOINT WARNING * * *
Sonja hits you with a +2 dagger of distortion.
* * * LOW HITPOINT WARNING * * *
Space warps horribly around you!
You die...

##########################
#<.#..'..#..'..#__#..'.).#
#..)..#.)').#..'..'..#)..#
#..#####'#####'#__####...+
#..####..#...#[####[:#####
#..#__####..##[#§§§§c#
#..#_____##'#_.+§§§..+
#⌠⌠#_.∩...'.K._#§§§
####_..__##_@#'# +#
#_____###'#)#
#########.### +$.$+ #$.$#
##.## #+#


You could see Sonja.

Vanquished Creatures
  2 kobold demonologists (D)
  A slime creature (D)
  Sigmund (D)
  A yak (D)
  A floating eye (D)
  An ogre (D)
  A jelly (D)
  Ijyb (D)
9 creatures vanquished.

Notes
Turn   | Place    | Note
-------+----------+-------------------------------------------
     0 | D        | Pelinal the Troll Berserker began the quest for the Orb.
     0 | D        | Reached XP level 1. HP: 22/22 MP: 0/0
     5 | D        | Noticed Ijyb
    13 | D        | Paralysed by Ijyb for 3 turns
    18 | D        | Killed Ijyb
    19 | D        | Reached skill level 4 in Unarmed Combat
    19 | D        | Reached XP level 2. HP: 31/31 MP: 1/1
    62 | D        | Noticed an ogre
    67 | D        | Killed an ogre
    68 | D        | Reached skill level 6 in Unarmed Combat
    68 | D        | Reached XP level 3. HP: 30/41 MP: 2/2
    68 | D        | Reached XP level 4. HP: 35/49 MP: 3/3
   100 | D        | Noticed Sigmund
   103 | D        | Killed Sigmund
   103 | D        | Reached ** piety under Trog
   104 | D        | Reached skill level 8 in Unarmed Combat
   104 | D        | Reached XP level 5. HP: 59/61 MP: 4/4
   104 | D        | Reached XP level 6. HP: 66/68 MP: 5/5
   216 | D        | Found a shimmering blue altar of Sif Muna.
   217 | D        | Found an ornate altar of the Wu Jian Council.
   218 | D        | Found a radiant altar of Vehumet.
   218 | D        | Identified the +1 scale mail of Follow the Leader {rPois}
   225 | D        | Found Ynaabb's Assorted Antiques.
   225 | D        | Found an ancient bone altar of Kikubaaqudgha.
   225 | D        | Found a stormy altar of Qazlal.
   225 | D        | Found a blossoming altar of Fedhas.
   225 | D        | Found a bloodstained altar of Trog.
   225 | D        | Found an iron altar of Okawaru.
   225 | D        | Found a glowing golden altar of the Shining One.
   225 | D        | Found a glowing silver altar of Zin.
   225 | D        | Found a white marble altar of Elyvilon.
   225 | D        | Noticed a yak
   267 | D        | Found a hazy altar of Hepliaklqana.
   267 | D        | Found a hide-covered altar of Uskayaw.
   267 | D        | Found a basalt altar of Yredelemnul.
   267 | D        | Found a snail-covered altar of Cheibriados.
   267 | D        | Found a sacrificial altar of Ru.
   267 | D        | Found a shadowy altar of Dithmenos.
   269 | D        | Found an opulent altar of Gozag.
   272 | D        | Killed a yak
   273 | D        | Reached skill level 9 in Unarmed Combat
   273 | D        | Found a sparkling altar of Nemelex Xobeh.
   278 | D        | Bought 2 fuming red potions for 41 gold pieces
   278 | D        | Bought 2 fuming red potions for 41 gold pieces
   308 | D        | Noticed a centaur warrior
   314 | D        | Found a viscous altar of Jiyva.
   314 | D        | Found a corrupted altar of Lugonu.
   314 | D        | Noticed a slime creature
   315 | D        | Found a burning altar of Makhleb.
   315 | D        | Found a shimmering altar of Xom.
   319 | D        | Killed a slime creature
   320 | D        | Reached skill level 10 in Unarmed Combat
   320 | D        | Reached XP level 7. HP: 79/79 MP: 6/6
   370 | D        | Noticed a kobold demonologist
   371 | D        | Noticed a kobold demonologist
   375 | D        | Noticed an orange demon
   379 | D        | Noticed a smoke demon
   379 | D        | Killed a kobold demonologist
   379 | D        | Reached *** piety under Trog
   380 | D        | Reached skill level 11 in Unarmed Combat
   380 | D        | Reached XP level 8. HP: 91/91 MP: 7/7
   382 | D        | Killed a kobold demonologist
   432 | D        | Noticed Sonja
   442 | D        | Slain by Sonja

Illustrated notes

Levels and vault maps discovered:
D:        dungeon_sprint_1 [red_sonja_temple_1, red_sonja_temple_small_1]

Skill      XL: |  1  2  3  4  5  6  7  8 |
---------------+-------------------------+-----
Fighting       | 3 4 6 7 8 9 |  9.3
Dodging        | 3 4 6 7 8 9 |  9.2
Unarmed Combat | 4 6 8 10 11 | 11.5

Action                   |  1- 3 |  4- 6 |  7- 9 || total
-------------------------+-------+-------+-------++-------
Melee: Unarmed           |    13 |     9 |    11 ||    33
       Punch             |       |     1 |     1 ||     2
Invok: Berserk           |     2 |     3 |     2 ||     7
       Trog's Hand       |       |       |     2 ||     2
  Use: Potion            |       |     1 |       ||     1
Armor: Animal skin       |     2 |     1 |     1 ||     4
Dodge: Dodged            |     2 |     2 |    12 ||    16

Table legend: (Time is in decaauts)
 A = Elapsed time spent in this place.
 B = Non-inter-level travel time spent in this place.
 C = Inter-level travel time spent in this place.
 D = Time resting spent in this place.
 E = Time spent auto-exploring this place.
 F = Levels seen in this place.
 G = Mean time per level.
                   A        B        C        D        E       F      G
               +--------+--------+--------+--------+--------+-----+--------+
         Total |    498 |    486 |     12 |    323 |      0 |   1 |  498.0 |
       Dungeon |    498 |    486 |     12 |    323 |      0 |   1 |  498.0 |
               +--------+--------+--------+--------+--------+-----+--------+

Top non-repeatable levels by time:
       D: 498 daAuts
